 Dungeon Crawl Stone Soup version 0.32-a0-697-g5386afd (webtiles) character file.

Game seed: 11299166380527223603

3600 tls9540 the Cleaver (level 10, -5/56 HPs)
             Began as a Vine Stalker Fighter on Mar 13, 2024.
             Was an Elder of Okawaru.
             Slain by a blink frog (shapeshifter) (9 damage)
             ... on level 8 of the Dungeon.
             The game lasted 00:06:55 (4970 turns).

tls9540 the Cleaver (Vine Stalker Fighter)          Turns: 4970, Time: 00:06:56

Health: -5/56      AC: 16    Str: 24    XL:     10   Next: 10%
Magic:  0/11       EV:  7    Int:  8    God:    Okawaru [****..]
Gold:   251        SH: 10    Dex: 13    Spells: 9/9 levels left

rFire   . . .        a - +0 war axe
rCold   . . .        c - +0 buckler
rNeg    . . .        f - +0 plate armour
rPois   .            (no helmet)
rElec   .            (no cloak)
rCorr   .            (no gloves)
SInv    .            e - +2 pair of boots
Will    +....        y - amulet of reflection Stlth
                     D - +4 ring of slaying
HPRegen 1.09/turn    (no ring)
MPRegen 0.12/turn

%: reflection, guardian spirit
@: heroic, studying Axes
A: fangs 3, regeneration 1, magic shield, antimagic bite, no potion heal 2
a: Renounce Religion, Heroism, Finesse


You were on level 8 of the Dungeon.
You worshipped Okawaru.
Okawaru was greatly pleased with you.
You visited 2 branches of the dungeon, and saw 9 of its levels.

You collected 366 gold pieces.
You spent 115 gold pieces at shops.

Inventory:

Hand Weapons
 a - a +0 war axe (weapon)
Armour
 b - a +0 scale mail
 c - a +0 buckler (worn)
 e - a +2 pair of boots (worn)
 f - a +0 plate armour (worn)
Jewellery
 h - a +6 ring of intelligence
 y - an amulet of reflection (around neck)
 D - a +4 ring of slaying (left hand)
Wands
 q - a wand of warping (12)
 s - a wand of mindburst (10)
 G - a wand of flame (42)
Scrolls
 g - 7 scrolls of identify {unknown}
 k - 2 scrolls of enchant armour {unknown}
 l - 2 scrolls of torment {unknown}
 o - 2 scrolls of poison {unknown}
 t - 3 scrolls of teleportation
 v - 2 scrolls of immolation {unknown}
 x - a scroll of fear {unknown}
 B - 2 scrolls of fog {unknown}
 C - a scroll of revelation {unknown}
 E - a scroll of amnesia {unknown}
 F - a scroll of enchant weapon {unknown}
Potions
 d - a potion of might
 i - a potion of berserk rage {unknown}
 j - 3 potions of haste {unknown}
 m - 3 potions of curing {unknown}
 n - 2 potions of invisibility {unknown}
 p - a potion of enlightenment {unknown}
 r - a potion of degeneration {unknown}
 u - a potion of attraction {unknown}
 z - a potion of ambrosia {unknown}
 A - 2 potions of heal wounds {unknown}


   Skills:
 - Level 8.0(13.0) Fighting
 + Level 12.9(17.9) Axes
 - Level 2.4(7.4) Armour
 - Level 2.6(7.6) Shields


You had 9 spell levels left.
You didn't know any spells.
Your spell library contained the following spells:

 Spells                   Type           Power      Damage    Failure   Level
 Cigotuvi's Dreadful Rot  Necr/Alch/Air  0%         N/A       100%        2
 Fugue of the Fallen      Necr           0%         N/A       100%        3
 Ozocubu's Armour         Ice            0%         N/A       100%        3
 Sigil of Binding         Hex            0%         N/A       100%        3
 Dispel Undead            Necr           0%         3d6       100%        4
 Manifold Assault         Tloc           0%         N/A       100%        4
 Alistair's Intoxication  Alch           0%         N/A       100%        5
 Borgnjor's Vile Clutch   Necr/Erth      0%         N/A       100%        5
 Eringya's Noxious Bog    Alch           0%         4d6       100%        6
 Martyr's Knell           Necr/Summ      Unusable   N/A       N/A         4
 Death Channel            Necr           Unusable   N/A       N/A         6
 Sculpt Simulacrum        Ice/Alch       Unusable   N/A       N/A         6

Dungeon Overview and Level Annotations

Branches:
Dungeon (8/15)             Temple (1/1) D:5            Lair (0/5) D:8

Altars:
Ashenzari
Cheibriados
Elyvilon
Fedhas
Gozag
Hepliaklqana
Kikubaaqudgha
Makhleb
Nemelex Xobeh
Okawaru
Qazlal
Ru
Sif Muna
Trog
Uskayaw
Vehumet
Wu Jian
Xom
Yredelemnul
Zin
The Shining One

Shops:
D:3 ?

Annotations:
D:4 3 runed translucent doors, Toastz's ghost, novice MDRe
D:6 4 runed translucent doors, Crazy Yiuf; Xayden's ghost, novice OpSh
D:7 Jeremiah


Innate Abilities, Weirdness & Mutations

You have razor-sharp teeth.
Your natural rate of healing is unusually fast.
When hurt, damage is shared between your health and your magic reserves.
Your bite disrupts and absorbs the magic of your enemies.
Potions cannot restore your health.


Message History

You kill the killer bee!
Okawaru accepts your kill.
You slash the troll! You completely miss the blink frog. The troll bites you!
The troll claws you but does no damage. The troll completely misses you.
The blink frog hits you but does no damage.
Unknown command.
You are too injured to fight recklessly!
Unknown command.
You are too injured to fight recklessly!
Unknown command.
You are too injured to fight recklessly!
You slash the troll!
The troll is severely wounded.
You hit the blink frog. The blink frog hits you. The troll bites you.
* * * LOW HITPOINT WARNING * * *
The troll closely misses you. You block the troll's attack.
Unknown command.
You feel more confident with your borrowed prowess.
The blink frog barely misses you. You block the troll's attack.
The troll claws you!
* * * LOW HITPOINT WARNING * * *
You block the troll's attack.
You hit the troll. Your bite misses the troll.
The troll is severely wounded.
You slash the blink frog!
The blink frog hits you but does no damage.
The troll bites you.
* * * LOW HITPOINT WARNING * * *
The troll claws you but does no damage. The troll closely misses you.
You hit the troll.
The troll is severely wounded.
You miss the blink frog. The blink frog hits you.
* * * LOW HITPOINT WARNING * * *
Unknown command.
Unknown command.
Okay, then.
You hit the troll. Your bite misses the troll.
The troll is severely wounded.
You barely miss the blink frog. The blink frog hits you!
You die...

#..# ###.## #. ....#
.. ###.# # # #. ##..#
#.# .
##.#####.####### g#
##.##.#...#.##=. #z#
##.#...#.#...#.†#T#
##.##.#.#.#.####@#
...#)#.....#.##F#†#
##.'..#.#.#..'.#/#.#
##.#[#.....#.##.#.#.#
##.##.#.#.#.##
#.#.#.#
##.#...#.#...#
#.#.#..
...##.#...#.##
#.##.)# #..#####.####
.# ## ##.. #.# .


You could see a troll, a blink frog, a gnoll bouda and a wight.

Vanquished Creatures
  A manticore (D:8)
  Maggie (D:6)
  A troll (D:8)
  Sigmund (D:5)
  4 steam dragons
  3 water moccasins
  An ogre (D:5)
  A sky beast (D:7)
  3 centaurs (D:6)
  2 phantoms
  2 scorpions (D:5)
  4 killer bees (D:8)
  A howler monkey (D:6)
  A bombardier beetle (D:6)
  3 hounds
  4 orc priests
  3 iguanas
  A sleepcap (D:5)
  7 orc wizards
  10 gnolls
  10 adders
  A shadow imp (D:5)
  2 white imps (D:7)
  2 ufetubi (D:6)
  5 dart slugs
  4 ribbon worms
  26 orcs
  12 endoplasms
  A giant cockroach (D:1)
  7 goblins
  6 hobgoblins
  3 jackals (D:2)
  5 quokkas
  7 ball pythons
  7 bats
  6 frilled lizards
  6 kobolds
  2 rats
166 creatures vanquished.

Vanquished Creatures (others)
  An armataur (D:1)
  A djinni (D:1)
  2 vine stalkers (D:1)
  A merfolk (D:1)
  A formicid (D:1)
  A human (D:1)
  A vampire (D:1)
  A dwarf (D:1)
  A tengu (D:1)
  An oni (D:1)
  A felid (D:1)
  2 barachim (D:1)
  A mummy (D:1)
  6 tentacles (D:1)
21 creatures vanquished.

Grand Total: 187 creatures vanquished

Notes
Turn   | Place    | Note
-------+----------+-------------------------------------------
     0 | D:1      | tls9540 the Vine Stalker Fighter began the quest for the
                  | Orb.
     0 | D:1      | Reached XP level 1. HP: 11/11 MP: 2/2
     2 | D:1      | Noticed a dwarf
     2 | D:1      | Noticed a human
     2 | D:1      | Noticed a felid
     2 | D:1      | Noticed a formicid
     2 | D:1      | Noticed an armataur
     2 | D:1      | Noticed a djinni
     2 | D:1      | Noticed a merfolk
     2 | D:1      | Noticed a kraken
     2 | D:1      | Noticed a barachi
     2 | D:1      | Noticed a tengu
     2 | D:1      | Noticed a vampire
     2 | D:1      | Noticed a vine stalker
     2 | D:1      | Noticed an oni
     2 | D:1      | Noticed a vine stalker
     2 | D:1      | Noticed a barachi
     3 | D:1      | Killed a felid
     4 | D:1      | Killed a formicid
     8 | D:1      | Killed a tengu
     9 | D:1      | Killed an oni
     9 | D:1      | Killed a human
     9 | D:1      | Killed a barachi
    10 | D:1      | Reached skill level 2 in Axes
    10 | D:1      | Killed a vine stalker
    11 | D:1      | Killed a barachi
    11 | D:1      | Killed a dwarf
    11 | D:1      | Killed a vine stalker
    14 | D:1      | Killed a vampire
    15 | D:1      | Killed an armataur
    16 | D:1      | Killed a djinni
    17 | D:1      | Killed a merfolk
    64 | D:1      | Reached XP level 2. HP: 16/16 MP: 3/3
   362 | D:1      | Reached skill level 3 in Axes
   474 | D:1      | Reached XP level 3. HP: 17/19 MP: 4/4
   683 | D:2      | Found a faded altar of an unknown god.
  1044 | D:2      | Reached XP level 4. HP: 23/23 MP: 5/5
  1196 | D:2      | Reached skill level 4 in Axes
  1354 | D:3      | Reached XP level 5. HP: 20/27 MP: 2/6
  1392 | D:3      | Found a sparkling altar of Nemelex Xobeh.
  1491 | D:3      | Reached skill level 5 in Axes
  1618 | D:3      | Found a broken altar of Ashenzari.
  1651 | D:3      | Found Jaets's Magic Scroll Boutique.
  1657 | D:3      | Bought a scroll of blinking for 82 gold pieces
  1657 | D:3      | Bought a scroll of teleportation for 33 gold pieces
  1933 | D:3      | Reached XP level 6. HP: 32/32 MP: 7/7
  1996 | D:5      | Entered Level 5 of the Dungeon
  2024 | D:5      | Found a staircase to the Ecumenical Temple.
  2049 | Temple   | Entered the Ecumenical Temple
  2057 | Temple   | Became a worshipper of Warmaster Okawaru
  2101 | D:5      | Reached skill level 6 in Axes
  2150 | D:5      | Reached * piety under Okawaru
  2151 | D:5      | Reached XP level 7. HP: 35/35 MP: 8/8
  2176 | D:5      | Found a burning altar of Makhleb.
  2212 | D:5      | Noticed Sigmund
  2226 | D:5      | Reached skill level 7 in Axes
  2232 | D:5      | Killed Sigmund
  2525 | D:5      | Reached skill level 8 in Axes
  2543 | D:5      | Reached ** piety under Okawaru
  2544 | D:5      | Gained mutation: You have razor-sharp teeth. [Vine Stalker
                  | growth]
  2544 | D:5      | Reached XP level 8. HP: 40/40 MP: 9/9
  2823 | D:4      | Reached skill level 5 in Fighting
  2947 | D:4      | Found a runed translucent gate.
  2948 | D:4      | Found a runed translucent gate.
  2948 | D:4      | Found an opulent altar of Gozag.
  2948 | D:4      | Found a runed translucent gate.
  2965 | D:4      | Noticed Toastz's ghost (novice MDRe)
  3090 | D:4      | Noticed a two-headed ogre
  3461 | D:6      | Noticed Maggie
  3473 | D:6      | Reached *** piety under Okawaru
  3482 | D:6      | Killed Maggie
  3483 | D:6      | Reached XP level 9. HP: 32/50 MP: 7/10
  3658 | D:6      | Found a runed translucent gate.
  3658 | D:6      | Noticed a kobold demonologist
  3659 | D:6      | Found a runed translucent gate.
  3659 | D:6      | Noticed Xayden's ghost (novice OpSh)
  3662 | D:6      | Found a runed translucent gate.
  3697 | D:6      | Found a runed translucent door.
  3698 | D:6      | Noticed Crazy Yiuf
  3753 | D:6      | Found a glowing golden altar of the Shining One.
  3782 | D:6      | Found a hazy altar of Hepliaklqana.
  4137 | D:7      | Reached **** piety under Okawaru
  4157 | D:7      | Reached skill level 9 in Axes
  4348 | D:7      | Noticed Jeremiah
  4362 | D:7      | HP: 2/47 [Jeremiah/divine providence (10)]
  4498 | D:7      | Found a basalt altar of Yredelemnul.
  4804 | D:8      | Reached skill level 10 in Axes
  4836 | D:8      | Found an ornate altar of the Wu Jian Council.
  4875 | D:8      | Found a staircase to the Lair.
  4926 | D:8      | Reached skill level 11 in Axes
  4952 | D:8      | Noticed a manticore
  4952 | D:8      | Noticed a troll
  4958 | D:8      | Killed a manticore
  4958 | D:8      | Noticed a troll
  4960 | D:8      | Reached skill level 12 in Axes
  4963 | D:8      | Killed a troll
  4964 | D:8      | Reached XP level 10. HP: 36/56 MP: 6/11
  4970 | D:8      | Slain by a blink frog (shapeshifter)

Illustrated notes

Levels and vault maps discovered:
D:1:      nicolae_arrival_kraken_aquarium_b, layout_basic, minivault_24,
          minmay_box_of_dots
D:2:      layout_basic, chequers_ecumenical_altar_simple_redux,
          nicolae_underground_beach
D:3:      layout_basic, evilmike_ruin_ashenzari,
          mainiacjoe_overflow_concentric_impassable, serial_shops, shop,
          minmay_shallow_snake_nest
D:4:      layout_loops_cross, ebering_ghost_gozag, reono_crystal_passage,
          minmay_manual_monstrance
D:5:      layout_basic, overflow_temple_1_default,
          minmay_temple_entry_glassed_door, minivault_26, uniq_sigmund
D:6:      layout_rooms, nzn_hepliaklqana_mist_gate,
          mainiacjoe_overflow_surrounded_room, gammafunk_ghost_nasty_kobolds,
          uniq_maggie, uniq_crazy_yiuf_cottage
D:7:      layout_basic, yredelemnul_altar_generic, uniq_jeremiah
D:8:      minmay_the_grid_plus_closed [minmay_the_grid_diamond_grid,
          minmay_the_grid_tree, minmay_the_grid_minigrid_small,
          minmay_the_grid_small_cups,
          minmay_the_grid_prize_four_corners_diamond_b], layout_loops_ring,
          nzn_wu_jian_council_hall, general_overflow_altar, lair_entry_dummy,
          roadster_capsule_ark_zombie
Temple:   dpeg_chambers_temple

Skill      XL: |  1  2  3  4  5  6  7  8  9 |
---------------+----------------------------+-----
Axes           | 2 3 4 5 6 8 12 | 12.9
Fighting       | 3 7 8 |  8.0
Armour         | |  2.4
Shields        | |  2.6

Action                     |  1- 3 |  4- 6 |  7- 9 | 10-12 || total
---------------------------+-------+-------+-------+-------++-------
  Melee: War axe           |    75 |   117 |   217 |     6 ||   415
         Bite              |    16 |    27 |    67 |       ||   110
  Throw: Throwing net      |       |       |     1 |       ||     1
 Invoke: Heroism           |       |       |     2 |     1 ||     3
  Evoke: Wand              |       |       |     7 |       ||     7
    Use: Scroll            |       |       |     2 |       ||     2
   Stab: Held in net/web   |       |       |     1 |       ||     1
         Paralysed         |       |       |     6 |       ||     6
 Armour: Scale mail        |     7 |       |       |       ||     7
         Plate armour      |    58 |   120 |   217 |    13 ||   408
  Dodge: Dodged            |    15 |    36 |    54 |     4 ||   109
  Block: Buckler           |    16 |    32 |    80 |     3 ||   131
         Reflection        |       |       |     3 |       ||     3

Table legend: (Time is in decaauts)
 A = Elapsed time spent in this place.
 B = Non-inter-level travel time spent in this place.
 C = Inter-level travel time spent in this place.
 D = Time resting spent in this place.
 E = Time spent auto-exploring this place.
 F = Levels seen in this place.
 G = Mean time per level.
                   A        B        C        D        E       F      G
               +--------+--------+--------+--------+--------+-----+--------+
         Total |   5048 |   4853 |    195 |      0 |   3823 |   9 |  560.9 |
       Dungeon |   5031 |   4843 |    188 |      0 |   3823 |   8 |  628.9 |
        Temple |     16 |      9 |      7 |      0 |      0 |   1 |   16.0 |
               +--------+--------+--------+--------+--------+-----+--------+

Top non-repeatable levels by time:
     D:7: 773 daAuts
     D:4: 773 daAuts
     D:2: 726 daAuts
     D:5: 697 daAuts
     D:3: 670 daAuts
     D:1: 621 daAuts
     D:6: 600 daAuts
     D:8: 168 daAuts
  Temple: 16 daAuts
